 Dungeon Sprint DCSS version bcrawl-1.21.3 (webtiles) character file.

Game seed: 17192494950842185021

2187 Darkdwarf the Basher (level 9, -4/85 HPs)
             Began as a Sand Dwarf Sloth Apostle on Mar 29, 2020.
             Was the Champion of Cheibriados.
             Killed from afar by a nagaraja (22 damage)
             ... with a poison arrow
             ... in the Dungeon (Sprint VII: "The Pits").
             The game lasted 00:04:26 (1004 turns).

Darkdwarf the Basher (Sand Dwarf Sloth Apostle)     Turns: 1004, Time: 00:04:26

Health: -4/85      AC: 19    Str: 35    XL:     9   Next: 33%
Magic:  1/16       EV: 19    Int: 28    God:    Cheibriados [******]
Gold:   0          SH: 15    Dex: 28    Spells: 9/10 levels left

rFire    . . .     SeeInvis .   r - +2 flail (protect)
rCold    . . .     Gourm    .   c - +0 medium shield
rNeg     . . .     Faith    .   C - +4 scale mail
rPois    .         Spirit   .   (no helmet)
rElec    .         Reflect  .   (no cloak)
rCorr    .         Harm     .   B - +0 pair of gloves
MR       +....     NoTele   +   (no boots)
Stlth    ++........             (no amulet)
HPRegen  0.24/turn              w - +3 ring of dexterity
MPRegen  0.15/turn              y - +3 ring of evasion

@: lethally poisoned (-4 -> -26), protection aura, constricted, very slow
A: small, slowness 1, armour attunement
a: Bend Time, Temporal Distortion, Slouch, Step From Time, Renounce Religion


You were in the Dungeon.
You worshipped Cheibriados.
Cheibriados was exalted by your worship.
You were not hungry.

You visited 1 branch

Inventory:

Hand Weapons
 a - a +0 mace
 l - a +2 mace
 r - a +2 flail of protection (weapon)
Armour
 c - a +0 medium shield (worn)
 B - a +0 pair of gloves (worn)
 C - a +4 scale mail (worn)
Jewellery
 w - a +3 ring of dexterity (left hand)
 y - a +3 ring of evasion (right hand)
Wands
 d - a wand of paralysis (10)
 u - a wand of disintegration (6)
Scrolls
 k - a scroll of blinking
 n - 2 scrolls of vulnerability
 o - 3 scrolls of remove curse
 p - 5 scrolls of amnesia
 q - a scroll of summoning
Potions
 f - 6 potions of curing
 g - 13 potions of heal wounds
 h - a potion of haste
 i - 4 potions of magic
 j - 3 potions of berserk rage
 m - 2 potions of invisibility
 x - a potion of agility
 z - a potion of resistance
 A - 2 potions of brilliance
Comestibles
 e - 9 rations {!d}


   Skills:
 + Level 9.7 Fighting
 + Level 13.0 Maces & Flails
 + Level 5.3 Armour
 + Level 7.1 Dodging
 - Level 2.4 Stealth
 + Level 8.9 Shields
 - Level 1.0 Spellcasting
 - Level 1.0 Hexes
 * Level 10.0 Invocations
 - Level 1.3 Evocations


You had 9 spell levels left.
You knew the following spells:

 Your Spells              Type           Power        Failure   Level  Hunger
a - Slow                  Hex            #.......     21%         1    ##.....
Your spell library was empty.

Dungeon Overview and Level Annotations

Branches:
Dungeon (1/1)

Altars:
Ashenzari
Cheibriados
Dithmenos
Elyvilon
Fedhas
Gozag
Hepliaklqana
Kikubaaqudgha
Lugonu
Makhleb
Nemelex Xobeh
Okawaru
Qazlal
Ru
Sif Muna
Trog
Uskayaw
Vehumet
Wu Jian
Xom
Yredelemnul
Zin
The Shining One
Beogh
Jiyva


Innate Abilities, Weirdness & Mutations

You are small and have problems with some larger weapons.
You cover ground slowly.
Armour does not affect your spellcasting.


Message History

You block the nagaraja's attack. The nagaraja constricts you.
You closely miss the nagaraja.
The nagaraja is heavily wounded.
You feel sick. You block the nagaraja's attack. The nagaraja constricts you.
The nagaraja closely misses you.
* * * LOW HITPOINT WARNING * * *
The nagaraja constricts you.
You can feel time thicken for a moment.
You feel somewhat more hungry. You block the nagaraja's attack.
* * * LOW HITPOINT WARNING * * *
The nagaraja constricts you.
No path to travel!
No path to travel!
You barely miss the nagaraja.
The nagaraja is severely wounded.
You feel sick.
The nagaraja gestures at you while chanting.
You are lethally poisoned!
The poison arrow hits you!!
You die...

#......#..#......#
#................#
####'#####''######
#.......##''# ##### ###
#.......##..###)).# #..+
#.......##...##.))##..#
#...<...###..†##)##..##
#.......# ##..........#
#.......# #††###@###...#
#.......##.)##..N..##..#
##########..+.......+..+
##########..##.....## .#
...#...[###. ###+### .#
...#..[[# ## # )..'..))#
)..#..))# ...#..))#


You could see a nagaraja.

Vanquished Creatures
  A rust devil (D)
  A kobold demonologist (D)
  A redback (D)
  A steam dragon (D)
  A soldier ant (D)
  A porcupine (D)
  Purgy (D)
  A black bear (D)
  An ogre (D)
  3 wolves (D)
  A bullfrog (D)
  Blork the orc (D)
  2 gnoll sergeants (D)
  A quasit (D)
  A gnoll shaman (D)
  Jessica (D)
  A hell rat (D)
  3 orc wizards (D)
  3 worker ants (D)
  9 gnolls (D)
  2 adders (D)
  An ooze (D)
  An ufetubus (D)
  3 orcs (D)
  A bat (D)
  A hobgoblin (D)
  A ball python (D)
  2 frilled lizards (D)
47 creatures vanquished.

Notes
Turn   | Place    | Note
-------+----------+-------------------------------------------
     0 | D        | Darkdwarf the Sand Dwarf Sloth Apostle began the quest for
                  | the Orb.
     0 | D        | Reached XP level 1. HP: 18/18 MP: 2/2
    15 | D        | Reached skill level 1 in Invocations
    44 | D        | Found a bloodstained altar of Trog.
    44 | D        | Found a shimmering blue altar of Sif Muna.
    44 | D        | Found a viscous altar of Jiyva.
    44 | D        | Found a hazy altar of Hepliaklqana.
    44 | D        | Found an opulent altar of Gozag.
    45 | D        | Found a glowing golden altar of the Shining One.
    45 | D        | Found a glowing silver altar of Zin.
    45 | D        | Found a basalt altar of Yredelemnul.
    45 | D        | Found a shimmering altar of Xom.
    45 | D        | Found an ornate altar of the Wu Jian Council.
    45 | D        | Found a sacrificial altar of Ru.
    45 | D        | Found a stormy altar of Qazlal.
    45 | D        | Found an iron altar of Okawaru.
    45 | D        | Found a sparkling altar of Nemelex Xobeh.
    45 | D        | Found a burning altar of Makhleb.
    45 | D        | Found a blossoming altar of Fedhas.
    45 | D        | Found a white marble altar of Elyvilon.
    45 | D        | Found a shadowy altar of Dithmenos.
    45 | D        | Found a snail-covered altar of Cheibriados.
    47 | D        | Found a radiant altar of Vehumet.
    47 | D        | Found a corrupted altar of Lugonu.
    47 | D        | Found a roughly hewn altar of Beogh.
    48 | D        | Found a hide-covered altar of Uskayaw.
    48 | D        | Found an ancient bone altar of Kikubaaqudgha.
    48 | D        | Found a shattered altar of Ashenzari.
    73 | D        | Reached * piety under Cheibriados
    73 | D        | Reached skill level 4 in Maces & Flails
    73 | D        | Reached XP level 2. HP: 24/26 MP: 3/3
    91 | D        | Reached ** piety under Cheibriados
   102 | D        | Reached skill level 5 in Maces & Flails
   102 | D        | Reached skill level 1 in Dodging
   102 | D        | Reached skill level 1 in Hexes
   102 | D        | Reached XP level 3. HP: 12/33 MP: 3/5
   105 | D        | Reached *** piety under Cheibriados
   333 | D        | Noticed Purgy
   346 | D        | Killed Purgy
   346 | D        | Reached skill level 5 in Fighting
   346 | D        | Reached skill level 7 in Maces & Flails
   346 | D        | Reached XP level 4. HP: 31/42 MP: 5/7
   346 | D        | Reached XP level 5. HP: 36/48 MP: 5/8
   354 | D        | Reached **** piety under Cheibriados
   362 | D        | HP: 2/48 [poisoned by a worker ant]
   368 | D        | HP: 1/48 [poisoned by a worker ant]
   587 | D        | Reached ***** piety under Cheibriados
   589 | D        | Noticed Blork the orc
   590 | D        | Reached skill level 8 in Maces & Flails
   590 | D        | Reached skill level 5 in Shields
   590 | D        | Reached skill level 5 in Invocations
   590 | D        | Reached XP level 6. HP: 52/57 MP: 9/9
   598 | D        | Reached skill level 9 in Maces & Flails
   598 | D        | Killed Blork the orc
   598 | D        | Reached XP level 7. HP: 59/66 MP: 5/11
   673 | D        | Reached skill level 10 in Maces & Flails
   673 | D        | Reached skill level 5 in Dodging
   682 | D        | Reached ****** piety under Cheibriados
   688 | D        | Reached skill level 11 in Maces & Flails
   722 | D        | Noticed a kobold demonologist
   722 | D        | Noticed a redback
   724 | D        | Killed a redback
   724 | D        | Reached XP level 8. HP: 60/75 MP: 13/13
   726 | D        | Noticed a sixfirhy
   727 | D        | Killed a kobold demonologist
   868 | D        | Noticed Jessica
   870 | D        | Reached skill level 12 in Maces & Flails
   870 | D        | Killed Jessica
   884 | D        | Reached XP level 9. HP: 60/84 MP: 11/15
   991 | D        | Noticed a nagaraja
   991 | D        | Noticed a rust devil
   992 | D        | Reached skill level 5 in Armour
   994 | D        | Killed a rust devil
   994 | D        | Reached skill level 13 in Maces & Flails
   994 | D        | Reached skill level 10 in Invocations
  1004 | D        | Killed from afar by a nagaraja

Skill      XL: |  1  2  3  4  5  6  7  8  9 |
---------------+----------------------------+-----
Fighting       | 3 4 5 6 7 8 9 |  9.7
Invocations    | 2 3 4 5 6 7 9 10 | 10.0
Maces & Flails | 4 5 7 8 9 11 12 13 | 13.0
Dodging        | 1 2 3 4 6 7 |  7.1
Shields        | 3 4 5 6 7 8 |  8.9
Hexes          | 1 |  1.0
Armour         | 3 4 5 |  5.3
Stealth        | |  2.4
Spellcasting   | |  1.0
Evocations     | |  1.3

Action                   |  1- 3 |  4- 6 |  7- 9 || total
-------------------------+-------+-------+-------++-------
Melee: Mace              |    32 |    10 |       ||    42
       Flail             |       |     6 |    32 ||    38
Invok: Slouch            |       |     1 |     7 ||     8
  Use: Potion            |     2 |     1 |       ||     3
 Stab: Sleeping          |     3 |       |     1 ||     4
Armor: Robe              |     7 |     1 |       ||     8
       Ring mail         |       |     2 |     4 ||     6
       Scale mail        |       |       |     1 ||     1
Dodge: Dodged            |    28 |    14 |    30 ||    72
Block: Medium shield     |    25 |    12 |    25 ||    62
